 Dungeon Crawl Stone Soup version 0.16.1-5-gaa23807 (webtiles) character file.

71 inmateoo the Conjurer (level 4, -2/27 HPs)
             Began as an Octopode Conjurer on Mar 28, 2015.
             Slain by a goblin (3 damage)
             ... led by Robin
             ... on level 2 of the Dungeon.
             The game lasted 00:02:44 (1415 turns).

inmateoo the Conjurer (Octopode Conjurer)           Turns: 1415, Time: 00:02:44

Health: -2/27      AC:  1    Str:  7    XL:     4   Next: 24%
Magic:  8/8        EV: 13    Int: 18    God:
Gold:   56         SH:  0    Dex: 12    Spells: 3 memorised, 1 level left

rFire  . . .     SeeInvis .     (no weapon)
rCold  . . .     Clarity  .     (no shield)
rNeg   . . .     SustAb   .     (helmet restricted)
rPois  .         Gourm    .     (no amulet)
rElec  .         Spirit   .     g - ring of stealth
rCorr  .         Warding  .     (no ring)
rMut   .         Stasis   .     (no ring)
MR     .....                    (no ring)
Stlth  +++++.....               (no ring)
                                (no ring)
                                (no ring)
                                (no ring)

@: lethally poisoned (-2 -> -18), not resistant to hostile enchantments, quite
stealthy
A: almost no armour, amphibious, 8 rings, constrict 8, camouflage 1, gelatinous
body 1
a: no special abilities


You were on level 2 of the Dungeon.
You were not hungry.

You visited 1 branch of the dungeon, and saw 2 of its levels.

You collected 56 gold pieces.

Inventory:

Jewellery
 d - an uncursed ring of fire
 g - a ring of stealth (left tentacle)
Scrolls
 a - a scroll of identify {unknown}
 e - a scroll of remove curse
 i - a scroll of teleportation {unknown}
 k - a scroll of recharging {unknown}
Potions
 h - a potion of lignification {unknown}
 j - a potion of heal wounds {unknown}
Books
 c - a book of Conjurations

   Spells                             Type                      Level
   a - Magic Dart                     Conjuration                  1
   b - Searing Ray                    Conjuration                  2
   c - Dazzling Spray                 Conjuration/Hexes            3
   d - Fulminant Prism                Conjuration/Hexes            4
   e - Iskenderun's Mystic Blast      Conjuration                  4
   f - Iskenderun's Battlesphere      Conjuration/Charms           5
Comestibles
 b - a bread ration
 f - a royal jelly


   Skills:
 + Level 2.8 Dodging
 + Level 3.7 Stealth
 + Level 2.3 Spellcasting
 * Level 4.5 Conjurations


You had one spell level left.
You knew the following spells:

 Your Spells              Type           Power        Failure   Level  Hunger
a - Magic Dart            Conj           ###.         2%          1    #......
b - Searing Ray           Conj           ###...       4%          2    ##.....
c - Dazzling Spray        Conj/Hex       ##......     24%         3    ###....


Dungeon Overview and Level Annotations

Branches:
Dungeon (2/15)

Altars:

Annotations:
D:2 Robin


Innate Abilities, Weirdness & Mutations

You cannot wear most types of armour.
You are amphibious.
You can wear up to eight rings at the same time.
You can use your tentacles to constrict many enemies at once.
Your skin changes colour to match your surroundings (Stealth).
Your rubbery body absorbs attacks (AC +1).


Message History

The goblin barely misses you.
Unknown command.
You barely miss the goblin. You grab the goblin. You constrict the goblin.
You feel sick. The adder closely misses you. The goblin barely misses you.
The goblin barely misses you. The adder barely misses you.
Unknown command.
You release your grip on the goblin.
You feel sick. Robin throws the goblin at you! The goblin misses you.
The goblin hits you.
* * * LOW HITPOINT WARNING * * *
You see here a rat corpse.
Unknown command.
You closely miss the goblin.
The hobgoblin shouts!
Your grab misses the goblin. Your squeeze misses the goblin.
* * * LOW HITPOINT WARNING * * *
You feel sick. The adder bites you.
* * * LOW HITPOINT WARNING * * *
You are more poisoned.
The adder poisons you! The goblin misses you. The goblin hits you.
You die...

#....# #.........##..##
####.###..##.......#.###
######..... #.......#.##.
#........# #.........##.
.........## #............
#.........# #......###.##
##.....####......# #...
#....gg##........# #.##
##.###.@S#.##########.## #
#..# ##g.g.....# ##...##
..##.## #...####..........
#.#..#####g).........######
#........##g#...##. # #
#..#####......#.... ######
#####.# ####.####......
....... .....(.###.g..#
###... ....... ..##..g.####
#. #######


You could see Robin, an adder, a hobgoblin and 4 goblins.

Vanquished Creatures
  2 adders (D:2)
  5 giant cockroaches
  6 goblins (D:2)
  7 hobgoblins
  6 jackals (D:1)
  4 kobolds
  A ball python (D:1)
  8 bats
  A giant gecko (D:1)
  2 giant newts
  7 rats
49 creatures vanquished.

Notes
Turn   | Place    | Note
--------------------------------------------------------------
     0 | D:1      | inmateoo, the Octopode Conjurer, began the quest for the Orb.
     0 | D:1      | Reached XP level 1. HP: 11/11 MP: 3/3
   170 | D:1      | Reached XP level 2. HP: 17/17 MP: 0/4
   419 | D:1      | Learned a level 2 spell: Searing Ray
   495 | D:1      | Reached XP level 3. HP: 13/21 MP: 0/6
   610 | D:1      | Learned a level 3 spell: Dazzling Spray
  1266 | D:2      | Reached XP level 4. HP: 27/27 MP: 5/8
  1322 | D:2      | Noticed Robin
  1415 | D:2      | HP: 1/27 [adder (3)]
  1415 | D:2      | Slain by a goblin

Action                   |  1- 3 |  4- 6 || total
-------------------------+-------+-------++-------
Melee: Unarmed           |    49 |    14 ||    63
 Cast: Magic Dart        |    64 |     9 ||    73
       Searing Ray       |     2 |       ||     2
  Use: Scroll            |     1 |       ||     1
 Stab: Sleeping          |     2 |       ||     2
  Eat: Chunk             |     1 |     1 ||     2
